 Dungeon Crawl Stone Soup version 0.30.0-29-ga12c61a403 (webtiles) character file.

Game seed: 15504724628708131973

176 bmack86 the Chopper (level 5, -10/45 HPs)
             Began as a Minotaur Fighter on June 20, 2023.
             Mangled by Joseph
             ... wielding a +3 quarterstaff of speed
              (16 damage)
             ... on level 7 of the Dungeon.
             The game lasted 00:06:05 (1909 turns).

bmack86 the Chopper (Minotaur Fighter)              Turns: 1909, Time: 00:06:05

Health: -10/45     AC:  6    Str: 28    XL:     5   Next: 30%
Magic:  4/4        EV:  9    Int:  5    God:
Gold:   170        SH:  4    Dex: 10    Spells: 4/4 levels left

rFire   . . .        a - +1 war axe
rCold   . . .        c - +0 buckler
rNeg    . . .        b - +0 scale mail
rPois   +            (helmet restricted)
rElec   .            (no cloak)
rCorr   .            (no gloves)
SInv    .            (no boots)
Will    .....        (no amulet) Stlth
                     l - +6 ring of strength
HPRegen 0.27/turn    m - ring of poison resistance
MPRegen 0.09/turn

%: no passive effects
@: no status effects
A: horns 2, retaliatory headbutt
a: no special abilities


You were on level 7 of the Dungeon.
You visited 1 branch of the dungeon, and saw 5 of its levels.

You collected 170 gold pieces.

Inventory:

Hand Weapons
 a - a +1 war axe (weapon)
Armour
 b - a +0 scale mail (worn)
 c - a +0 buckler (worn)
Jewellery
 l - a +6 ring of strength (left hand)
 m - a ring of poison resistance (right hand)
 q - a ring of protection from fire
Scrolls
 e - a scroll of fog {unknown}
 f - a scroll of teleportation
 g - a scroll of enchant weapon
 j - a scroll of immolation {unknown}
Potions
 d - a potion of might
 h - 2 potions of degeneration {unknown}
 i - 2 potions of brilliance {unknown}
 k - 2 potions of ambrosia {unknown}
 n - 2 potions of curing {unknown}
 o - a potion of heal wounds {unknown}
 p - a potion of cancellation {unknown}


   Skills:
 - Level 3.6 Fighting
 + Level 6.8 Axes
 - Level 3.6 Armour
 - Level 3.6 Shields


You had 4 spell levels left.
You didn't know any spells.
Your spell library contained the following spells:

 Spells                   Type           Power      Damage    Failure   Level
 Call Canine Familiar     Summ           0%         N/A       99%         3
 Portal Projectile        Hex/Tloc       0%         N/A       99%         3
 Leda's Liquefaction      Hex/Erth       0%         N/A       100%        4


Dungeon Overview and Level Annotations

Branches:
Dungeon (4/15)
 Temple: D:4-7

Altars:
Makhleb
Ru
Zin

Annotations:
D:7 Joseph


Innate Abilities, Weirdness & Mutations

You have a pair of horns on your head.
You reflexively headbutt those who attack you in melee.


Message History

The ball python constricts you.
You escape the ball python's grasp.
You block the ball python's attack. The ball python closely misses you.
You slash the ball python!
You kill the ball python!
Found 5 stones.
p - a golden potion
n - 2 grey potions (gained 1) Done exploring.
Done exploring.
As you read the scroll labelled LAETOM UHEZAO, it crumbles to dust.
You feel strangely unstable.
It was a scroll of teleportation.
As you read the scroll labelled LAJIUMMO RAXE, it crumbles to dust.
It is a scroll of enchant weapon.
Your +0 war axe glows red for a moment.
Your surroundings suddenly seem different.
There is a stone staircase leading down here.
You climb downwards.
A sourceless malevolence fills the Dungeon...
You fall into a shaft and drop 3 floors!
The shaft crumbles and collapses.
Found a coral ring and a lumpy brown potion.
q - a ring of protection from fire
i - 2 lumpy brown potions (gained 1)
Found 6 stones.
Joseph, a Mercenary comes into view.
He is wielding a +3 quarterstaff of speed.
Joseph shouts!
Joseph says, "You must be punished!
Or...
I want to punish you!"
Joseph unwields a +3 quarterstaff of speed.
Joseph wields a +0 sling.
Joseph shoots a sling bullet.
The sling bullet hits you!
Joseph shoots a sling bullet.
You block the sling bullet.
Joseph shoots a sling bullet.
The sling bullet hits you!
Found a falchion.
Joseph shoots a sling bullet.
The sling bullet hits you!
Joseph shoots a sling bullet.
The sling bullet hits you!
* * * LOW HITPOINT WARNING * * *
Joseph unwields a +0 sling.
Joseph wields a +3 quarterstaff of speed.
Joseph hits you with a +3 quarterstaff of speed!
You die...

#...# #...# #...#
#.### #...#
#.)...#######...######
#.@@..............
#.................
#.................(.
#.#.#######...###### #
#. #...# #. #...# .
#...# # #...#
#...########


You could see Joseph.

Vanquished Creatures
  An ice beast (D:3)
  2 adders
  5 orcs (D:3)
  11 endoplasms
  2 giant cockroaches (D:1)
  8 goblins
  7 hobgoblins
  3 jackals (D:1)
  3 quokkas
  3 ball pythons
  4 bats
  A frilled lizard (D:1)
  4 kobolds
  7 rats
61 creatures vanquished.

Notes
Turn   | Place    | Note
-------+----------+-------------------------------------------
     0 | D:1      | bmack86 the Minotaur Fighter began the quest for the Orb.
     0 | D:1      | Reached XP level 1. HP: 19/19 MP: 0/0
    51 | D:1      | Reached skill level 3 in Axes
    59 | D:1      | Reached XP level 2. HP: 26/26 MP: 1/1
   113 | D:1      | Found a faded altar of an unknown god.
   156 | D:1      | Reached skill level 4 in Axes
   643 | D:1      | Reached XP level 3. HP: 31/31 MP: 2/2
  1085 | D:2      | Reached skill level 5 in Axes
  1169 | D:2      | Found a sacrificial altar of Ru.
  1346 | D:3      | Found a burning altar of Makhleb.
  1352 | D:3      | Found a glowing silver altar of Zin.
  1353 | D:3      | Noticed a green death
  1353 | D:3      | Noticed an angel
  1432 | D:3      | Reached XP level 4. HP: 35/39 MP: 3/3
  1611 | D:3      | Noticed an ice beast
  1621 | D:3      | Killed an ice beast
  1622 | D:3      | Reached skill level 6 in Axes
  1622 | D:3      | Reached XP level 5. HP: 35/45 MP: 4/4
  1743 | D:3      | Found a sacrificial altar of Ru.
  1882 | D:4      | You fall into a shaft and drop 3 floors!
  1903 | D:7      | Noticed Joseph
  1909 | D:7      | Mangled by Joseph

Illustrated notes

Levels and vault maps discovered:
D:1:      dpeg_arrival_signposts, layout_basic, chequers_ecumenical_altar_simple
D:2:      layout_rooms, basic_altar, st_stairs_11, hangedman_decor_peaks_small,
          minivault_14
D:3:      layout_rooms, grunt_temple_overflow_order_and_chaos_2,
          pf_just_have_faith
D:4:      layout_gridville, mainiacjoe_overflow_boulevard,
          minmay_temple_entry_hall, ebering_ghost_inner_flame
D:7:      layout_loops_cross, uniq_joseph

Skill      XL: |  1  2  3  4 |
---------------+-------------+-----
Axes           | 3 4 5 6 |  6.8
Fighting       | |  3.6
Armour         | |  3.6
Shields        | |  3.6

Action                     |  1- 3 |  4- 6 || total
---------------------------+-------+-------++-------
  Melee: War axe           |    89 |    23 ||   112
         Headbutt          |     5 |     4 ||     9
    Use: Scroll            |       |     2 ||     2
 Armour: Scale mail        |    45 |    13 ||    58
  Dodge: Dodged            |    39 |    10 ||    49
  Block: Buckler           |    16 |     5 ||    21
